 Dungeon Crawl Stone Soup version 0.29.1-1-gd02db6906a (webtiles) character file.

Game seed: 11348959707509127726

24623 raistware the Destroyer (level 13, 0/77 HPs)
             Began as a Human Conjurer on Oct 5, 2022.
             Was a High Priest of Hepliaklqana.
             Slain by a boulder beetle (8 damage)
             ... on level 2 of the Lair of Beasts.
             The game lasted 01:00:16 (16751 turns).

raistware the Destroyer (Human Conjurer)           Turns: 16751, Time: 01:00:17

Health: 0/77       AC:  9    Str:  9    XL:     13   Next: 44%
Magic:  9/37       EV: 12    Int: 23    God:    Hepliaklqana [*****.]
Gold:   493        SH:  0    Dex: 11    Spells: 23/34 levels left

rFire   . . .      SeeInvis .   b - staff of poison
rCold   . . .      Faith    .   (no shield)
rNeg    . . .      Spirit   .   x - +3 leather armour
rPois   +          Reflect  .   (no helmet)
rElec   .          Harm     .   g - +0 cloak
rCorr   .          Rampage  .   d - +0 pair of gloves
Will    +....                   K - +0 pair of boots
Stlth   ++........              (no amulet)
HPRegen 0.22/turn               C - ring of magical power
MPRegen 0.25/turn               m - ring of willpower

@: no status effects
A: reduced essence
a: Renounce Religion, Recall Ancestor, Ancestor Identity, Transference, Idealise


You were on level 2 of the Lair of Beasts.
You worshipped Hepliaklqana.
Hepliaklqana was extremely pleased with you.
You visited 3 branches of the dungeon, and saw 14 of its levels.
You also visited: Sewer and Bailey.

You collected 917 gold pieces.
You spent 424 gold pieces at shops.

Inventory:

Hand Weapons
 a - the +4 quarterstaff of Insomnia {drain, +Blink rC++ rN+ SInv}
   (You bought it in a shop on level 8 of the Dungeon)

   A truly terrible weapon, it drains the life of any living foe it strikes.
   rC:        It greatly protects you from cold.
   rN:        It protects you from negative energy.
   SInv:      It lets you see invisible.
   +Blink:    It lets you blink.
 Q - a +4 scimitar
Missiles
 f - 19 poisoned darts
 j - a throwing net
 R - 6 javelins
Armour
 d - a +0 pair of gloves (worn)
 g - a +0 cloak (worn)
 x - a +3 leather armour (worn)
 y - the +2 robe "Ceosenee" {rElec}
   (You bought it in a shop on level 5 of the Dungeon)

   rElec:     It insulates you from electricity.
 K - a +0 pair of boots (worn)
 L - +0 steam dragon scales
Magical Staves
 b - a staff of poison (weapon)
Jewellery
 k - a +6 ring of strength
 m - a ring of willpower (right hand)
 C - a ring of magical power (left hand)
Wands
 B - a wand of flame (16)
 O - a wand of polymorph (5)
Scrolls
 e - 2 scrolls of vulnerability
 h - 2 scrolls of enchant armour {unknown}
 l - 4 scrolls of noise
 n - 3 scrolls of poison {unknown}
 p - 3 scrolls of butterflies
 q - 11 scrolls of teleportation
 r - 2 scrolls of enchant weapon
 s - a scroll of amnesia {unknown}
 w - a scroll of blinking {unknown}
 D - a scroll of brand weapon {unknown}
 E - 2 scrolls of summoning
 I - a scroll of immolation {unknown}
 N - 2 scrolls of fear {unknown}
 P - a scroll of torment {unknown}
Potions
 c - 9 potions of curing
 i - 2 potions of berserk rage
 o - 3 potions of flight
 t - a potion of invisibility
 u - 5 potions of haste
 v - a potion of cancellation
 z - 2 potions of might
 A - 2 potions of brilliance
 F - a potion of magic
 G - 2 potions of mutation
 H - 2 potions of ambrosia
 J - 10 potions of heal wounds
 M - 2 potions of attraction


   Skills:
 + Level 3.0 Fighting
 + Level 10.4 Short Blades
 + Level 2.0 Staves
 + Level 3.0 Armour
 + Level 3.0 Dodging
 - Level 2.0 Stealth
 + Level 11.2 Spellcasting
 + Level 13.2 Conjurations
 - Level 2.0 Translocations
 - Level 5.0 Invocations
 + Level 3.0 Evocations


You had 23 spell levels left.
You knew the following spells:

 Your Spells              Type           Power      Damage    Failure   Level
a - Magic Dart            Conj           100%       1d8       1%          1
b - Iskenderun's Mystic   Conj/Tloc      48%        2d11      3%          4
c - Mephitic Cloud        Conj/Pois/Air  49%        N/A       3%          3
d - Frozen Ramparts       Ice            24%        1d4       21%         3

Your spell library contained the following spells:

 Spells                   Type           Power      Damage    Failure   Level
 Searing Ray              Conj           100%       2d8       1%          2
 Dazzling Flash           Conj/Hex       86%        N/A       1%          3
 Blink                    Tloc           44%        N/A       4%          2
 Fulminant Prism          Conj/Hex       21%        3d13      4%          4
 Call Imp                 Summ           12%        N/A       11%         2
 Tukima's Dance           Hex            12%        N/A       21%         3
 Passage of Golubria      Tloc           22%        N/A       30%         4
 Ice Form                 Ice/Tmut       12%        N/A       56%         4
 Summon Ice Beast         Ice/Summ       12%        N/A       56%         4
 Starburst                Conj/Fire      21%        6d7       56%         6
 Manifold Assault         Tloc           22%        N/A       63%         5
 Yara's Violent Unravell  Hex/Tmut       6%         3d5       88%         5
 Storm Form               Tmut/Air       6%         N/A       100%        7


Dungeon Overview and Level Annotations

Branches:
Dungeon (11/15)            Temple (1/1) D:6            Lair (2/5) D:9
    Orc (0/2) D:10          Sewer (visited)          Bailey (visited)
  Swamp: Lair:2-3    Shoals: Lair:2-3     Snake: Lair:2-3    Spider: Lair:2-3

Altars:
Ashenzari
Cheibriados
Dithmenos
Elyvilon
Fedhas
Hepliaklqana
Kikubaaqudgha
Makhleb
Nemelex Xobeh
Okawaru
Qazlal
Sif Muna
Trog
Uskayaw
Vehumet
Wu Jian
Xom
Yredelemnul
Zin
The Shining One

Shops:
D:5 [   D:8 (


Message History

Press: ? - help, Shift-Dir - straight line, f - boulder beetle
Aim: a boulder beetle (moderately wounded, chance to affect: 43%)
You feel a surge of power!
The ball explodes into a vile cloud!
The stinking cloud engulfs the boulder beetle but does no damage.
The boulder beetle is moderately wounded.
The stinking cloud engulfs you but does no damage.
Melek avoids your attack.
You hear a bellow! x3
The giant cockroach closely misses Melek.
The boulder beetle is engulfed in noxious fumes.
The boulder beetle bites you!
The rime drake is engulfed in noxious fumes.
The rime drake appears confused.
The cane toad stings Melek.
Melek hits the cane toad with a +0 flail!
The cane toad dies!
The giant cockroach bites Melek but does no damage.
Unknown command.
Casting: Mephitic Cloud (dangerous; 3% risk of failure)
Confirm with . or Enter, or press ? or * to list all spells.
You erupt in a blast of force!
Melek avoids your attack.
The mystic blast hits the boulder beetle but does no damage.
The boulder beetle is moderately wounded.
The rime drake is engulfed in noxious fumes.
The rime drake appears confused.
The boulder beetle is engulfed in noxious fumes.
The boulder beetle bites you.
Melek hits the giant cockroach with a +0 flail!
The giant cockroach dies!
Unknown command.
The boulder beetle bites you!!
* * * LOW HITPOINT WARNING * * *
Melek hits the boulder beetle with a +0 flail.
You see here 12 gold pieces.
Casting: Iskenderun's Mystic Blast (dangerous; 3% risk of failure)
Confirm with . or Enter, or press ? or * to list all spells.
You erupt in a blast of force!
Melek avoids your attack.
The mystic blast hits the boulder beetle but does no damage.
The boulder beetle is moderately wounded.
The boulder beetle bites you!
You die...

#####..P#
#..## ##..#
#P.## #..##
#####...#
#?#..>.##
##.......#
#..@.....#
#....○B☼...#
#.....☼R○...#
#.....s....##
.
#........kw.#
.
............#
#
............#
#
.............


You could see the friendly Melek the knight, a boulder beetle (ally target), a
rime drake (confused), a worm and a scorpion.

Vanquished Creatures
  Josephine (D:11)
  A hydra (Lair:2)
  2 vault guards (Bailey)
  A cyclops (D:11)
  A komodo dragon (D:11)
  An unseen horror (D:8)
  A cane toad (Lair:2)
  2 blink frogs (Lair:2)
  Prince Ribbit (Bailey)
  3 wraiths (D:11)
  11 yaks
  A basilisk (Lair:2)
  A human (Bailey)
  A water moccasin (D:5)
  An acid dragon (D:9)
  An ice beast (D:5)
  An ogre (D:5)
  A centaur (D:6)
  7 wolves
  3 bullfrogs
  A necrophage (D:4)
  A scorpion (D:6)
  A gnoll sergeant (D:10)
  3 wights (D:7)
  2 killer bees
  3 electric eels (D:10)
  3 howler monkeys (D:8)
  3 jellies (Sewer)
  An iguana (D:7)
  3 knights
  3 orc wizards
  7 adders
  6 gnolls
  2 worms (D:2)
  13 orcs
  23 endoplasms
  9 giant cockroaches
  9 goblins
  9 hobgoblins
  3 jackals (D:1)
  14 kobolds
  4 quokkas
  16 ball pythons
  3 bats
  6 frilled lizards
  17 rats
207 creatures vanquished.

Vanquished Creatures (collateral kills)
  Urug (D:11)
  Pikel (D:8)
  A cyclops (shapeshifter) (D:11)
  A cyclops (D:11)
  2 black mambas
  10 cane toads
  Maggie (D:8)
  2 komodo dragons
  A troll (D:11)
  2 blink frogs (Lair:2)
  Sigmund (D:5)
  3 wraiths (D:11)
  18 yaks
  6 humans (Bailey)
  2 basilisks
  2 wyverns
  2 steam dragons
  An acid dragon (D:10)
  4 water moccasins
  Duvessa (D:6)
  An orc warrior (D:8)
  A sky beast (D:7)
  An ice beast (D:5)
  A centaur (D:6)
  9 wolves
  A lemure (D:8)
  A kobold brigand (D:10)
  19 bullfrogs
  A necrophage (D:7)
  A gnoll sergeant (D:9)
  A scorpion (Lair:2)
  9 wights
  Dowan (D:6)
  8 killer bees
  2 electric eels
  6 howler monkeys
  An orc priest (D:4)
  Crazy Yiuf (D:7)
  2 orc wizards (D:7)
  3 gnolls
  A shadow imp (D:6)
  2 white imps
  A worm (D:5)
  14 orcs
  An endoplasm (D:4)
  A giant cockroach (Lair:2)
  2 hobgoblins
154 creatures vanquished.

Vanquished Creatures (others)
  A knight (D:11)
  2 ancestors
  12 fungi
  8 plants
23 creatures vanquished.

Grand Total: 384 creatures vanquished

Notes
Turn   | Place    | Note
-------+----------+-------------------------------------------
     0 | D:1      | raistware the Human Conjurer began the quest for the Orb.
     0 | D:1      | Reached XP level 1. HP: 13/13 MP: 3/3
   229 | D:1      | Found a faded altar of an unknown god.
   307 | D:1      | Reached XP level 2. HP: 13/19 MP: 2/5
   938 | D:1      | Reached XP level 3. HP: 24/24 MP: 5/7
  1904 | D:2      | Reached XP level 4. HP: 30/30 MP: 6/9
  2151 | D:2      | Learned a level 4 spell: Iskenderun's Mystic Blast
  2185 | D:2      | Found a hazy altar of Hepliaklqana.
  2393 | D:2      | Became a worshipper of Hepliaklqana the Forgotten
  2635 | D:2      | Reached XP level 5. HP: 35/35 MP: 8/11
  2639 | D:2      | Reached skill level 1 in Translocations
  3286 | D:3      | Found a glowing drain.
  3322 | Sewer    | Entered a sewer
  3728 | Sewer    | Reached skill level 5 in Conjurations
  3728 | Sewer    | Reached XP level 6. HP: 41/41 MP: 7/12
  3872 | Sewer    | Reached skill level 1 in Armour
  3912 | Sewer    | Found a viscous altar of Jiyva.
  4570 | D:3      | Reached * piety under Hepliaklqana
  4578 | D:3      | Found a burning altar of Makhleb.
  4578 | D:3      | Noticed a green death
  4769 | D:4      | Reached skill level 1 in Invocations
  5060 | D:4      | Reached XP level 7. HP: 41/41 MP: 13/13
  5108 | D:4      | Reached skill level 1 in Fighting
  5347 | D:4      | Reached skill level 6 in Conjurations
  5587 | D:5      | Entered Level 5 of the Dungeon
  5878 | D:5      | Noticed Sigmund
  5907 | D:5      | Found a broken altar of Ashenzari.
  5912 | D:5      | Saw a vision of the Shoals and the Spider Nest.
  5912 | D:5      | Noticed a jumping spider
  5912 | D:5      | Noticed a steelbarb worm
  5912 | D:5      | Noticed a cyclops
  5912 | D:5      | Noticed a tarantella
  5912 | D:5      | Noticed a merfolk siren
  5912 | D:5      | Noticed a sea snake
  5912 | D:5      | Noticed a manticore
  5912 | D:5      | Noticed a demonic crawler
  5912 | D:5      | Noticed a demonic crawler
  5913 | D:5      | Noticed a wolf spider
  5913 | D:5      | Noticed a manticore
  5914 | D:5      | Noticed a culicivora
  5915 | D:5      | Noticed a redback
  5915 | D:5      | Noticed a pharaoh ant
  6004 | D:5      | Reached ** piety under Hepliaklqana
  6005 | D:5      | Remembered your ancestor Melek as a knight
  6023 | D:5      | Noticed a water moccasin
  6111 | D:5      | Reached skill level 5 in Spellcasting
  6113 | D:5      | Reached XP level 8. HP: 4/48 MP: 1/15
  6645 | D:5      | Found Sieteleo's Antique Armour Emporium.
  6650 | D:5      | Bought an ancient robe for 136 gold pieces
  6650 | D:5      | Identified the +2 robe "Ceosenee" {rElec} (You bought it in
                  | a shop on level 5 of the Dungeon)
  6876 | D:5      | Learned a level 3 spell: Mephitic Cloud
  6884 | D:5      | Killed Sigmund
  6885 | D:5      | Reached skill level 7 in Conjurations
  7219 | D:6      | Found a bloodstained altar of Trog.
  7241 | D:6      | Found a staircase to the Ecumenical Temple.
  7250 | Temple   | Entered the Ecumenical Temple
  7443 | D:6      | Found a shimmering altar of Xom.
  7595 | D:6      | Found a glowing silver altar of Zin.
  7770 | D:6      | Noticed Dowan
  7771 | D:6      | Noticed Duvessa
  7780 | D:6      | Killed Dowan
  7781 | D:6      | Reached skill level 8 in Conjurations
  7785 | D:6      | Killed Duvessa
  7786 | D:6      | Reached XP level 9. HP: 53/53 MP: 16/18
  8168 | D:7      | Reached skill level 1 in Evocations
  8168 | D:7      | Found a stormy altar of Qazlal.
  8244 | D:7      | Reached skill level 9 in Conjurations
  8301 | D:7      | Reached *** piety under Hepliaklqana
  8394 | D:7      | Found a snail-covered altar of Cheibriados.
  8403 | D:7      | Reached skill level 10 in Conjurations
  8454 | D:7      | Found a flagged portal.
  8489 | Bailey   | Entered a bailey
  8540 | Bailey   | Reached skill level 1 in Short Blades
  8540 | Bailey   | Reached skill level 1 in Staves
  8559 | Bailey   | Reached XP level 10. HP: 20/60 MP: 16/19
  8732 | Bailey   | Noticed Prince Ribbit
  8737 | Bailey   | Noticed a vault guard
  8747 | Bailey   | Killed Prince Ribbit
  8751 | Bailey   | Killed a vault guard
  8768 | Bailey   | Noticed a vault guard
  8793 | Bailey   | Killed a vault guard
  8794 | Bailey   | Reached skill level 5 in Short Blades
  8794 | Bailey   | Reached skill level 11 in Conjurations
  8955 | Bailey   | Reached XP level 11. HP: 62/64 MP: 22/22
  9634 | D:7      | Found a runed translucent door.
  9635 | D:7      | Noticed Crazy Yiuf
  9642 | D:7      | Killed Crazy Yiuf
  9753 | D:8      | Found Veyklior's Antique Weapon Shop.
  9761 | D:8      | Bought a transparent quarterstaff for 288 gold pieces
  9761 | D:8      | Identified the +4 quarterstaff of Insomnia {drain, +Blink
                  | rC++ rN+ SInv} (You bought it in a shop on level 8 of the
                  | Dungeon)
  9847 | D:8      | Noticed Maggie
  9857 | D:8      | Killed Maggie
 10243 | D:8      | Noticed Pikel
 10254 | D:8      | Killed Pikel
 10286 | D:8      | Reached skill level 12 in Conjurations
 10570 | D:8      | Found an ornate altar of the Wu Jian Council.
 10652 | D:8      | Found a hide-covered altar of Uskayaw.
 11022 | D:9      | Found a glowing golden altar of the Shining One.
 11144 | D:9      | Found an ancient bone altar of Kikubaaqudgha.
 11282 | D:9      | Found a staircase to the Lair.
 11455 | D:9      | Reached **** piety under Hepliaklqana
 11774 | D:10     | Entered Level 10 of the Dungeon
 12071 | D:10     | Reached XP level 12. HP: 36/70 MP: 25/25
 12419 | D:10     | Found a radiant altar of Vehumet.
 12455 | D:10     | Found a staircase to the Orcish Mines.
 12554 | D:10     | Found a white marble altar of Elyvilon.
 13004 | D:11     | Noticed Urug
 13162 | D:11     | Noticed a boulder beetle
 13347 | D:11     | Reached skill level 10 in Spellcasting
 13781 | D:11     | Noticed Josephine
 13815 | D:11     | Killed Josephine
 14131 | D:11     | Killed Urug
 14393 | D:11     | Noticed a skeletal warrior
 14471 | Lair:1   | Entered Level 1 of the Lair of Beasts
 15233 | Lair:1   | Reached ***** piety under Hepliaklqana
 15271 | Lair:1   | Learned a level 3 spell: Frozen Ramparts
 15275 | Lair:1   | Reached XP level 13. HP: 76/76 MP: 27/27
 15687 | Lair:2   | Noticed an eight-headed hydra
 15699 | Lair:2   | Killed an eight-headed hydra
 15702 | Lair:2   | Reached skill level 10 in Short Blades
 15964 | Lair:2   | Reached skill level 13 in Conjurations
 15964 | Lair:2   | Reached skill level 5 in Invocations
 16737 | Lair:2   | Noticed a boulder beetle
 16751 | Lair:2   | Slain by a boulder beetle

Illustrated notes

Levels and vault maps discovered:
D:1:      dpeg_arrival_shelter, layout_basic,
          hellmonk_ecumenical_altar_inner_sanctum, minmay_liquid_box,
          minmay_hexomino_c4
D:2:      layout_rooms, basic_altar, grunt_ministairs_13,
          minmay_misc_feat_nine_boxes, st_stairs_12, serial_bayou_pond_b
D:3:      layout_loops_ring, makhleb_altar_promises_db,
          nicolae_overflow_hidden_temple, portal_sewer_entry_e,
          minmay_misc_feat_five
D:4:      layout_basic, serial_curves, eino_curves_03, eino_curves_02,
          chequers_jeans
D:5:      layout_basic, grunt_ashenzari_visionary
          [grunt_ashenzari_visionary_shoals, grunt_ashenzari_visionary_spider],
          serial_shops, kennysheep_little_box, uniq_sigmund
D:6:      layout_loops_ring, kennysheep_mini, trog_three_pillars_becter,
          amcnicky_altar_gilded, temple_statues, minivault_5,
          kennysheep_pointless_box, uniq_duvessa
D:7:      layout_loops_ring, mainiacjoe_overflow_cross_hatched,
          nicolae_overflow_crystal_walls, enter_bailey_2,
          corexii_leaking_fountain, uniq_crazy_yiuf_cottage
D:8:      layout_loops_ring, mainiacjoe_overflow_small_starburst,
          nzn_wu_jian_contemplation, serial_shops, nicolae_shop_crystal,
          kennysheep_generic_room_6, uniq_maggie, uniq_pikel
D:9:      layout_roguey, mainiacjoe_overflow_brackets, lemuel_doored_altar,
          lair_entry_dummy
D:10:     layout_basic, vehumet_crystals, elyvilon_altar_5
D:11:     layout_basic, st_stairs_14, uniq_josephine, uniq_urug
Temple:   hellmonk_temple_two_chambers
Lair:1:   layout_regular_city, minivault_11, grunt_forest_stairs_basic,
          ldierk_geyser, beast_lair_carwin_9
Lair:2:   layout_cave_pods, nicolae_spider_entry_non_spiders,
          serial_bayou_shore_b, serial_bayou_shore_a, grunt_megastairs_4

Skill      XL: |  1  2  3  4  5  6  7  8  9 10 11 12 13 |
---------------+----------------------------------------+-----
Spellcasting   | 3 4 5 6 7 9 10 11 | 11.2
Translocations | 2 |  2.0
Conjurations   | 5 6 8 10 11 12 13 | 13.2
Armour         | 1 2 3 |  3.0
Invocations    | 1 2 4 5 |  5.0
Fighting       | 1 2 3 |  3.0
Evocations     | 2 3 |  3.0
Short Blades   | 2 5 8 9 10 | 10.4
Staves         | 1 2 |  2.0
Dodging        | 3 |  3.0
Stealth        | |  2.0

Action                   |  1- 3 |  4- 6 |  7- 9 | 10-12 | 13-15 || total
-------------------------+-------+-------+-------+-------+-------++-------
Melee: Spear             |    28 |    31 |    22 |       |       ||    81
       Unarmed           |     1 |       |       |       |       ||     1
       Staff             |       |       |     6 |    87 |     8 ||   101
       Punch             |       |       |       |     3 |       ||     3
       Quarterstaff      |       |       |       |    16 |     9 ||    25
Throw: Dart              |       |       |       |    11 |       ||    11
       Throwing net      |       |       |       |     2 |       ||     2
 Cast: Magic Dart        |    68 |   193 |    77 |    62 |     4 ||   404
       Iskenderun's Myst |       |       |     3 |    36 |    19 ||    58
       Mephitic Cloud    |       |       |     9 |    25 |     4 ||    38
       Frozen Ramparts   |       |       |       |     1 |     3 ||     4
Invok: Ancestor Identity |       |     1 |       |       |       ||     1
       Ancestor Life: Kn |       |       |     1 |       |       ||     1
       Recall Ancestor   |       |       |       |     3 |       ||     3
Evoke: Wand              |       |       |       |    11 |       ||    11
  Use: Potion            |       |     1 |     2 |     1 |       ||     4
       Scroll            |       |     1 |     9 |    11 |       ||    21
 Stab: Sleeping          |     4 |     3 |       |       |       ||     7
       Confused          |       |       |     1 |     4 |       ||     5
       Distracted        |       |       |       |     1 |       ||     1
Armor: Robe              |    13 |     4 |       |       |       ||    17
       Leather armour    |       |       |     7 |    44 |     5 ||    56
Dodge: Dodged            |    22 |    13 |    15 |    66 |    20 ||   136
